 Dungeon Crawl Stone Soup version 0.25-a0-661-g55ea3d2053 (webtiles) character file.

Game seed: 10132543505034065137, levelgen mode: deterministic

1411 ipx the Cutter (level 8, -8/48 HPs)
             Began as a Gargoyle Arcane Marksman on Mar 24, 2020.
             Was a Follower of Cheibriados.
             Mangled by Joseph
             ... wielding a +0 quarterstaff
              (14 damage)
             ... on level 8 of the Dungeon.
             The game lasted 00:34:29 (2364 turns).

ipx the Cutter (Gargoyle Arcane Marksman)           Turns: 2364, Time: 00:34:29

Health: -8/48      AC: 14    Str: 17    XL:     8   Next: 70%
Magic:  4/10       EV:  8    Int: 15    God:    Cheibriados [*.....]
Gold:   101        SH:  0    Dex: 14    Spells: 6/9 levels left

rFire    . . .     SeeInvis .   w - +2 short sword (freeze)
rCold    . . .     Gourm    .   (no shield)
rNeg     + + .     Faith    .   d - +0 chain mail
rPois    ∞         Spirit   .   (no helmet)
rElec    +         Reflect  .   (no cloak)
rCorr    .         Harm     .   (no gloves)
MR       .....                  s - +0 pair of boots
Stlth    ..........             (no amulet)
HPRegen  0.16/turn              e - ring of positive energy
MPRegen  0.12/turn              (no ring)

@: very slow
A: negative energy resistance 1, electricity resistance, unbreathing,
petrification resistance, rot immunity, AC +5
a: Bend Time, Renounce Religion


You were on level 8 of the Dungeon.
You worshipped Cheibriados.
Cheibriados was aware of your devotion.
You were hungry.

You visited 2 branches of the dungeon, and saw 9 of its levels.

You collected 101 gold pieces.

Inventory:

Hand Weapons
 a - a +0 long sword
 b - a +4 hunting sling
 w - a +2 short sword of freezing (weapon)
Missiles
 g - a javelin
 i - 14 sling bullets
 m - 44 stones
 r - 5 poisoned darts (quivered)
Armour
 d - a +0 chain mail (worn)
 h - a +1 leather armour
 j - a +0 robe
 s - a +0 pair of boots (worn)
Jewellery
 e - a ring of positive energy (left hand)
 v - an uncursed ring of see invisible
Scrolls
 c - 3 scrolls of enchant armour
 k - a scroll of immolation
 l - a scroll of random uselessness
 o - a scroll of remove curse
 p - a scroll of magic mapping
 t - a scroll of vulnerability
Potions
 q - a potion of mutation {unknown}
Comestibles
 f - 5 rations


   Skills:
 + Level 4.0 Fighting
 - Level 5.0(5.7) Short Blades
 * Level 4.0(5.2) Long Blades
 - Level 4.0 Throwing
 + Level 3.0 Dodging
 - Level 1.0 Spellcasting
 - Level 3.0 Hexes
 + Level 3.3 Invocations


You had 6 spell levels left.
You knew the following spells:

 Your Spells              Type           Power        Failure   Level  Hunger
c - Corona                Hex            #......      78%         1    ##.....
s - Slow                  Hex            #.......     89%         2    ###....

Your spell library contained the following spells:

 Spells                   Type           Power        Failure   Level  Hunger
 Inner Flame              Hex/Fire       #.......     100%        3    ####...
 Portal Projectile        Hex/Tloc       #.....       100%        3    ####...
 Cause Fear               Hex            #.........   100%        4    #####..
 Leda's Liquefaction      Hex/Erth       #.........   100%        4    #####..


Dungeon Overview and Level Annotations

Branches:
Dungeon (8/15)             Temple (1/1) D:4
   Lair: D:8-11

Altars:
Ashenzari
Cheibriados
Elyvilon
Fedhas
Hepliaklqana
Makhleb
Okawaru
Uskayaw
Xom

Annotations:
D:8 Joseph


Innate Abilities, Weirdness & Mutations

You are resistant to torment.
Your stone body is resilient. (AC +5)
You are immune to poison.
You resist negative energy. (rN+)
You are resistant to electric shocks. (rElec)
You can survive without breathing.
You are immune to petrification.
You are immune to rotting.


Message History

You throw a poisoned dart.
The poisoned dart closely misses Joseph.
Joseph is no longer moving slowly.
The flow of time bends around you.
Cheibriados rebukes Joseph.
Joseph seems to slow down.
You feel slightly more hungry. Joseph hits you with a +0 quarterstaff.
* * * LOW HITPOINT WARNING * * *
Throwing (i - inventory. (/) - cycle)
r - 7 poisoned darts (quivered)
Press: ? - help, Shift-Dir - straight line, f/p - Joseph
Aim: Joseph, wielding a +0 quarterstaff, wearing a +3 leather armour of cold resistance and quivering 20 sling bullets (severely wounded, slow)
You throw a poisoned dart.
The poisoned dart closely misses Joseph.
Throwing (i - inventory. (/) - cycle)
r - 6 poisoned darts (quivered)
Press: ? - help, Shift-Dir - straight line, f/p - Joseph
Aim: Joseph, wielding a +0 quarterstaff, wearing a +3 leather armour of cold resistance and quivering 20 sling bullets (severely wounded, slow)
You throw a poisoned dart.
The poisoned dart completely misses Joseph.
Joseph hits you with a +0 quarterstaff!
You die...

#(.........# #..........#
#.@........#
+..........+.
#.##............
#.........####.# #.
#....(..#....# #.# ###
#.....(.#.##.## #.## #..
#.......#@#...###..# #.#
#.......@..._......# #.#
######.#####.###...#.#..#
#.# #......# #.#
##.##.#..## #.# +......#
#.# #....#...# #.#
#......# #.####.####.#.#
#.# #......#
#...........#.# #.#
###......#
#####...#####'####.#
#........#
#...##.......#.#


You could see Joseph.

Vanquished Creatures
  Grinder (D:3)
  A necrophage (D:5)
  3 ogres
  A centaur (D:7)
  2 bullfrogs
  4 wights (D:6)
  2 crimson imps (D:7)
  A bullfrog zombie (D:7)
  A bullfrog skeleton (D:6)
  A hound (D:4)
  Terence (D:4)
  Natasha (D:3)
  2 iguanas
  An orc wizard (D:6)
  A worker ant (D:7)
  7 adders
  4 gnolls (D:6)
  4 oozes
  An adder skeleton (D:5)
  3 worms
  4 leopard geckos
  14 orcs
  A ball python (D:6)
  5 bats
  8 giant cockroaches
  5 hobgoblins
  3 jackals (D:1)
  2 quokkas (D:3)
  3 frilled lizards
  3 goblins
  4 kobolds
  4 rats (D:1)
98 creatures vanquished.

Notes
Turn   | Place    | Note
-------+----------+-------------------------------------------
     0 | D:1      | ipx the Gargoyle Arcane Marksman began the quest for the
                  | Orb.
     0 | D:1      | Reached XP level 1. HP: 12/12 MP: 2/2
     1 | D:1      | Found a runed translucent door.
   127 | D:1      | Reached XP level 2. HP: 9/16 MP: 3/3
   165 | D:1      | Found a shimmering altar of Xom.
   296 | D:1      | Reached skill level 1 in Short Blades
   302 | D:1      | Reached XP level 3. HP: 14/20 MP: 2/4
   421 | D:2      | Reached skill level 2 in Short Blades
   503 | D:2      | Reached XP level 4. HP: 25/25 MP: 2/5
   634 | D:3      | Found a white marble altar of Elyvilon.
   640 | D:3      | Noticed Grinder
   656 | D:3      | Killed Grinder
   656 | D:3      | Reached skill level 4 in Short Blades
   656 | D:3      | Reached XP level 5. HP: 14/29 MP: 6/6
   656 | D:3      | Reached XP level 6. HP: 17/34 MP: 7/7
   797 | D:3      | Noticed Natasha
   800 | D:3      | Killed Natasha
  1127 | D:3      | Noticed Terence
  1150 | D:4      | Killed Terence
  1201 | D:4      | Reached skill level 5 in Short Blades
  1201 | D:4      | Reached XP level 7. HP: 19/39 MP: 8/8
  1206 | D:4      | Found a staircase to the Ecumenical Temple.
  1217 | Temple   | Entered the Ecumenical Temple
  1226 | Temple   | Became a worshipper of Cheibriados the Contemplative
  1306 | D:5      | Entered Level 5 of the Dungeon
  1368 | D:5      | Learned a level 2 spell: Slow
  1389 | D:5      | Reached skill level 1 in Long Blades
  1506 | D:5      | Reached skill level 1 in Invocations
  1546 | D:6      | Found an iron altar of Okawaru.
  1641 | D:6      | Reached XP level 8. HP: 8/45 MP: 9/9
  1799 | D:6      | Reached * piety under Cheibriados
  1892 | D:5      | Found a hazy altar of Hepliaklqana.
  2300 | D:8      | Found a blossoming altar of Fedhas.
  2313 | D:8      | Noticed Joseph
  2364 | D:8      | Mangled by Joseph

Levels and vault maps discovered:
D:1:      dpeg_arrival_caged_fury, layout_loops_cross, chequers_arboretum,
          chequers_garden, xom_teletrap_fun
D:2:      layout_basic, first_ration
D:3:      layout_loops_ring, elyvilon_altar_1, uniq_grinder, uniq_natasha,
          uniq_terence, uniq_sigmund
D:4:      layout_rooms, minmay_temple_entry_statues_fountains, serial_glass,
          glass_columns_a, glass_columns_c, uniq_eustachio
D:5:      layout_cave_pods, nicolae_qazlal_eye_of_the_storm, basic_altar,
          uniq_edmund
D:6:      layout_basic, grunt_temple_overflow_open, okawaru_trees_2,
          basic_altar, serial_shops, nicolae_shop_overgrown_old_shop
D:7:      layout_basic, serial_shops, shop
D:8:      layout_basic, nicolae_overflow_crystal_walls,
          nicolae_ru_path_of_blood, uniq_erica, uniq_joseph
Temple:   eino_temple_scatter_basement

Skill      XL: |  1  2  3  4  5  6  7  8 |
---------------+-------------------------+-----
Throwing       | 2 3 4 |  4.0
Hexes          | 3 |  3.0
Short Blades   | 1 2 4 5 |  5.0
Fighting       | 2 4 |  4.0
Long Blades    | 2 4 |  4.0
Dodging        | 2 3 |  3.0
Invocations    | 2 3 |  3.3
Spellcasting   | |  1.0

Action                   |  1- 3 |  4- 6 |  7- 9 || total
-------------------------+-------+-------+-------++-------
Melee: Unarmed           |     6 |       |       ||     6
       Short sword       |   107 |   107 |    60 ||   274
       Long sword        |       |       |   148 ||   148
 Fire: Hunting sling     |       |    10 |    40 ||    50
Throw: Javelin           |    15 |     9 |     2 ||    26
       Throwing net      |     1 |     5 |       ||     6
       Dart              |       |       |     8 ||     8
 Cast: Corona            |    18 |    23 |     2 ||    43
       Slow              |       |       |     1 ||     1
Invok: Bend Time         |       |       |     6 ||     6
  Use: Potion            |     2 |     1 |     3 ||     6
       Scroll            |       |     7 |     5 ||    12
 Stab: Held in net/web   |       |     1 |       ||     1
       Sleeping          |       |       |     1 ||     1
  Eat: Chunk             |       |     3 |     4 ||     7
Armor: Robe              |     4 |       |       ||     4
       Leather armour    |    44 |    32 |    18 ||    94
       Skin              |       |       |    18 ||    18
       Chain mail        |       |       |   113 ||   113
Dodge: Dodged            |    61 |    28 |   105 ||   194
       Rpst.: Long sword |       |       |    35 ||    35

Table legend:
 A = Non-vault XP
 B = Vault XP
 C = Vault XP percentage of total XP
 D = Non-vault monster count
 E = Vault monster count
 F = Vault count percentage of total count
                 A         B        C        D         E       F
            +---------+---------+-------+---------+---------+-------
      Total |    1638 |     378 |  18.8 |      81 |      17 |  17.3
            +---------+---------+-------+---------+---------+-------
        D:1 |      26 |      40 |  60.6 |      15 |      14 |  48.3
        D:2 |      55 |       0 |   0.0 |       9 |       0 |   0.0
        D:3 |      80 |     302 |  79.1 |      14 |       2 |  12.5
        D:4 |     170 |      36 |  17.5 |       4 |       1 |  20.0
        D:5 |     305 |       0 |   0.0 |      13 |       0 |   0.0
        D:6 |     507 |       0 |   0.0 |      18 |       0 |   0.0
        D:7 |     284 |       0 |   0.0 |       5 |       0 |   0.0
        D:8 |     211 |       0 |   0.0 |       3 |       0 |   0.0
            +---------+---------+-------+---------+---------+-------
